 Dungeon Sprint DCSS version 0.21.1-1-g345015f (webtiles) character file.

31915 equalderp2856 the Executioner (level 13, 0/137 HPs)
             Began as a Minotaur Fighter on May 3, 2018.
             Killed by vampiric draining
             ... invoked by a vampire knight
              (9 damage)
             ... in the Dungeon (Sprint V: "Ziggurat Sprint") on May 4, 2018.
             The game lasted 00:19:26 (2056 turns).

equalderp2856 the Executioner (Minotaur Fighter)    Turns: 2056, Time: 00:19:27

Health: 0/137      AC: 37    Str: 28    XL:     13   Next: 28%
Magic:  0/16       EV:  5    Int: 11    God:
Gold:   0          SH: 26    Dex: 16    Spells: 8/18 levels left

rFire    . . .     SeeInvis .   Q - +5 broad axe (protect)
rCold    . . .     Gourm    .   G - +3 large shield
rNeg     . . .     Faith    .   I - +5 crystal plate armour
rPois    .         Spirit   +   (helmet restricted)
rElec    .         Reflect  .   J - +0 cloak of Syndicalism {Regen+ Int+2}
rCorr    .         Harm     .   (no gloves)
MR       .....     NoTele   +   (no boots)
Stlth    ..........             o - amulet of guardian spirit
HPRegen  0.72/turn              A - +6 ring of strength
MPRegen  0.15/turn              w - +6 ring of dexterity

@: protection aura, very slightly contaminated, studying 3 skills
A: retaliatory headbutt, horns 2
a: no special abilities


You were in the Dungeon.
You were hungry.

You visited 1 branch

Inventory:

Hand Weapons
 Q - a +5 broad axe of protection (weapon)
 R - a +5 executioner's axe
 T - a +5 demon trident
Armour
 c - the cursed +0 pair of gloves of Hedge Wizardry {rPois rC- MR+}
   (You found it in the Dungeon)

   It makes you vulnerable to cold.
   It protects you from poison.
   It affects your resistance to hostile enchantments.
   It has a curse placed upon it.
 G - a +3 large shield (worn)
 I - a +5 crystal plate armour (worn)
 J - the +0 cloak of Syndicalism (worn) {Regen+ Int+2}
   (You found it in the Dungeon)

   It affects your intelligence (+2).
   It increases your rate of regeneration.
 K - +5 gold dragon scales
 M - a +5 plate armour
 N - +5 shadow dragon scales
Jewellery
 a - an uncursed ring of fire
 b - an uncursed ring of wizardry
 o - an amulet of guardian spirit (around neck)
 w - a +6 ring of dexterity (right hand)
 x - a +6 ring of dexterity
 y - a +6 ring of intelligence
 z - a +6 ring of intelligence
 A - a +6 ring of strength (left hand)
 B - a +6 ring of strength
 F - the ring "Acinuade" {rF+ Str+3}
   (You took it off a necromancer in the Dungeon)

   [ring of protection from fire]

   It affects your strength (+3).
   It protects you from fire.
 W - the amulet "Xefe Nit" {Spirit rC++ MR- Int+4}
   (You found it in the Dungeon)

   [amulet of guardian spirit]

   It causes incoming damage to be split between your health and magic.
   It affects your intelligence (+4).
   It greatly protects you from cold.
   It affects your resistance to hostile enchantments.
 Y - a +4 ring of evasion
 Z - a +3 ring of protection
Wands
 C - a wand of disintegration (7)
 D - a wand of iceblast (5)
 E - a wand of acid (7)
Scrolls
 k - a scroll of blinking
 q - 4 scrolls of amnesia
 r - 7 scrolls of fog
 s - a scroll of holy word
 t - 5 scrolls of identify
 u - 5 scrolls of remove curse
 v - 2 scrolls of fear
Potions
 d - 7 potions of might
 e - 10 potions of curing
 g - 4 potions of heal wounds
 h - 10 potions of haste
 i - 7 potions of magic
 j - 3 potions of berserk rage
 l - 2 potions of brilliance
 m - 2 potions of invisibility
 n - 4 potions of resistance
 p - 5 potions of agility
Books
 H - a manual of Slings
 P - a manual of Earth Magic
 X - a manual of Maces & Flails
Miscellaneous
 L - a phial of floods (inert)
 O - 3 phantom mirrors
 U - a lightning rod (4/4)
 V - 2 sacks of spiders
Comestibles
 f - 7 rations


   Skills:
 + Level 19.3 Fighting
 + Level 21.9 Axes
 + Level 14.9 Armour
 + Level 0.3 Stealth
 + Level 18.8 Shields
 + Level 3.0 Spellcasting
 + Level 3.5 Evocations


You had 8 spell levels left.
You knew the following spells:

 Your Spells              Type           Power        Failure   Level  Hunger
a - Shroud of Golubria    Chrm/Tloc      #.........   100%        2    ###....
b - Regeneration          Chrm/Necr      #.........   100%        3    ###....
c - Spectral Weapon       Hex/Chrm       #.......     100%        3    ###....
d - Song of Slaying       Chrm           #.......     100%        2    ###....


Dungeon Overview and Level Annotations

Branches:
Dungeon (1/1)

Altars:
Ashenzari
Cheibriados
Dithmenos
Elyvilon
Fedhas
Gozag
Hepliaklqana
Kikubaaqudgha
Makhleb
Nemelex Xobeh
Okawaru
Qazlal
Ru
Sif Muna
Trog
Uskayaw
Vehumet
Wu Jian
Xom
Yredelemnul
Zin
The Shining One
Beogh
Jiyva
Lugonu


Innate Abilities, Weirdness & Mutations

You reflexively headbutt those who attack you in melee.
You have a pair of horns on your head.


Message History

Your headbutt misses the vampire knight.
The vampire knight is almost destroyed.
You slash the necromancer!
You kill the necromancer!
You hear a splash. x2
Your lightning rod (4/4) has regained one charge.
You slash something!
Unknown command.
You feel much better.
The vampire knight hits you with a broad axe!
* * * LOW HITPOINT WARNING * * *
The vampire knight bites you but does no damage.
The shadow strikes at you from the darkness!
Reactivating autopickup.
Something hits you!!
* * * LOW HITPOINT WARNING * * *
Deactivating autopickup; reactivate with Ctrl-A.
You block something's attack.
The vampire knight is infused with unholy energy.
You die...

▓...©....▓...©..
▓...........▓▓▓▓▓▓▓▓▓▓▓▓▓▓▓▓
▓...........▓...8©8...▓.=8©8
▓...........▓..).):...▓...:[
...........▓...".)...▓..[.[
▓.....≈≈....▓.........▓.....
▓..▓..≈≈)▓..▓.........▓.....
▓.....)†.{)V▓.........▓.....
▓.....©...W@▓.....)...▓..†..
▓▓▓▓▓▓▓▓▓▓▓▓▓.▓.))).▓.▓.▓.†.
▓....8©8....▓....©....▓..†©.
▓..|.))))[..▓▓▓▓▓▓▓▓▓▓▓▓▓▓▓▓
▓.....)[)...▓...8©8...▓..8©8
▓...........▓..|:|||..▓...|.
▓...........▓....)|...▓..|)[
▓...........▓.........▓.....
▓...........▓.........▓.....


You could see a vampire knight and a shadow.

Vanquished Creatures
  A shadow dragon (D)
  An ironheart preserver (D)
  An entropy weaver (D)
  A vampire knight (D)
  A great orb of eyes (D)
  2 yaktaur captains (D)
  3 vault guards (D)
  A two-headed ogre (D)
  2 soul eaters (D)
  A deep elf archer (D)
  3 necromancers (D)
  3 orc knights (D)
  2 ugly things (D)
  2 orc sorcerers (D)
  2 deep elf magi (D)
  2 wolf spiders (D)
  A cyclops (D)
  A black mamba (shapeshifter) (D)
  2 toenail golems (D)
  A guardian serpent (shapeshifter) (D)
  2 trolls (D)
  A jumping spider (D)
  2 hornets (D)
  A hippogriff (shapeshifter) (D)
  A redback (D)
  4 spriggans (D)
  A shadow (D)
  A tarantella (D)
  2 ushabtiu (D)
  A water elemental (D)
  A neqoxec (D)
  A small abomination (D)
  A porcupine (D)
  An orc warrior (D)
  A black bear (D)
  5 necrophages (D)
  3 ogres (D)
  2 wolves (D)
  A scorpion (D)
  3 wights (D)
  2 orc wizards (D)
  5 mummies (D)
  2 river rats (D)
  A white imp (D)
  An ufetubus (D)
  An adder skeleton (D)
  A spectral bat (D)
  3 bat skeletons (D)
  A jackal (D)
  A bat simulacrum (D)
  2 giant cockroach zombies (D)
  A leopard gecko skeleton (D)
  A leopard gecko zombie (D)
  3 quokka zombies (D)
  A spectral giant cockroach (D)
  A spectral leopard gecko (D)
95 creatures vanquished.

Vanquished Creatures (collateral kills)
  An orc warlord (D)
  A necromancer (D)
  An orc sorcerer (D)
3 creatures vanquished.

Grand Total: 98 creatures vanquished

Notes
Turn   | Place    | Note
-------+----------+-------------------------------------------
     0 | D        | Found the +6 Majin-Bo {vamp, Archmagi MP+6 Int+6}
     0 | D        | Found the +7 great mace "Firestarter" {inner flame, rF++}
     0 | D        | equalderp2856 the Minotaur Fighter began the quest for the Orb.
     0 | D        | Reached XP level 1. HP: 19/19 MP: 0/0
     0 | D        | Found a deep blue altar of Sif Muna.
     0 | D        | Found a bloodstained altar of Trog.
     0 | D        | Found a sacrificial altar of Ru.
     0 | D        | Found a stormy altar of Qazlal.
     0 | D        | Found an iron altar of Okawaru.
     1 | D        | Found a sparkling altar of Nemelex Xobeh.
     1 | D        | Found a blossoming altar of Fedhas.
     3 | D        | Found a transporter.
     3 | D        | Found an ancient bone altar of Kikubaaqudgha.
     3 | D        | Found a viscous altar of Jiyva.
     3 | D        | Found a corrupted altar of Lugonu.
     3 | D        | Found a hazy altar of Hepliaklqana.
     3 | D        | Found a burning altar of Makhleb.
     3 | D        | Found an opulent altar of Gozag.
    70 | D        | Found the +9 heavy crossbow "Sniper" {velocity, Acc+∞ SInv}
    70 | D        | Found the +10 dark maul {crush}
    70 | D        | Found the +15 Maxwell's patent armour {-Cast -Tele rElec MR+ rCorr}
    70 | D        | Found the +18 shield of the Gong {rElec rN+ MR+ EV-5}
    70 | D        | Found the cursed +14 obsidian axe {chop, +Fly SInv *Curse}
    71 | D        | Found the +6 shillelagh "Devastator" {shatter}
    71 | D        | Found the +11 plutonium sword {*Contam Stlth-}
    71 | D        | Found the +8 lance "Wyrmbane" {slay drac, rPois rF+ rC+ AC+3}
    71 | D        | Found the +9 sword of Zonguldrok {reap}
    71 | D        | Found the cursed +13 scythe of Curses {drain, *Curse}
    71 | D        | Found the +0 sword of Power
    71 | D        | Found the +7 mace of Variability {chaos}
    71 | D        | Found the +7 Singing Sword
    71 | D        | Found the +7 longbow "Piercer" {penet, EV-2}
   179 | D        | Entered arena 2.
   179 | D        | Noticed a toenail golem
   179 | D        | Noticed a toenail golem
   179 | D        | Found a transporter.
   186 | D        | Killed a toenail golem
   186 | D        | Reached skill level 7 in Axes
   186 | D        | Reached XP level 2. HP: 37/37 MP: 1/1
   186 | D        | Reached XP level 3. HP: 42/42 MP: 2/2
   186 | D        | Reached XP level 4. HP: 50/50 MP: 3/3
   186 | D        | Reached XP level 5. HP: 57/57 MP: 4/4
   186 | D        | Reached XP level 6. HP: 63/63 MP: 5/5
   190 | D        | Killed a toenail golem
   190 | D        | Reached skill level 10 in Fighting
   190 | D        | Reached skill level 9 in Axes
   190 | D        | Reached skill level 10 in Armour
   190 | D        | Reached skill level 10 in Shields
   190 | D        | Reached XP level 7. HP: 53/73 MP: 6/6
   194 | D        | Got the ring "Lonett" {Dex+2 SInv}
   282 | D        | Entered arena 3.
   282 | D        | Found a transporter.
   296 | D        | Identified the Compendium of Shifting Ignition (You found it in the Dungeon)
   299 | D        | Entered arena 4.
   299 | D        | Noticed a deep elf mage
   299 | D        | Noticed a water elemental
   299 | D        | Noticed a deep elf archer
   299 | D        | Noticed a deep elf mage
   299 | D        | Found a transporter.
   305 | D        | Killed a water elemental
   305 | D        | Reached skill level 10 in Axes
   307 | D        | Killed a deep elf mage
   307 | D        | Reached skill level 11 in Axes
   307 | D        | Reached XP level 8. HP: 63/82 MP: 7/7
   310 | D        | Killed a deep elf mage
   310 | D        | Reached skill level 12 in Axes
   313 | D        | Killed a deep elf archer
   313 | D        | Reached skill level 13 in Axes
   313 | D        | Reached XP level 9. HP: 40/91 MP: 8/8
   540 | D        | Identified Vicohuc's Second Course in Witchcraft (You found it in the Dungeon)
   554 | D        | Entered arena 5.
   554 | D        | Found a transporter.
   557 | D        | Reached skill level 14 in Axes
   565 | D        | Got the cursed +0 pair of gloves of Hedge Wizardry {rPois rC- MR+}
   576 | D        | Entered arena 6.
   576 | D        | Noticed a troll
   576 | D        | Noticed a troll
   576 | D        | Found a transporter.
   589 | D        | Killed a troll
   589 | D        | Reached skill level 15 in Axes
   591 | D        | Killed a troll
   784 | D        | Entered arena 7.
   784 | D        | Noticed a jumping spider
   784 | D        | Noticed a wolf spider
   784 | D        | Noticed a wolf spider
   791 | D        | Killed a wolf spider
   792 | D        | Killed a wolf spider
   792 | D        | Reached skill level 16 in Axes
   792 | D        | Reached skill level 1 in Evocations
   792 | D        | Reached XP level 10. HP: 86/101 MP: 9/9
   798 | D        | Found a transporter.
   827 | D        | Got the amulet "Xefe Nit" {Spirit rC++ MR- Int+4}
   918 | D        | Got the +0 cloak of Syndicalism {Regen+ Int+2}
   925 | D        | Identified the Guide on Floating Enhancements (You found it in the Dungeon)
   925 | D        | Identified the Guide on Floating Enhancements (You found it in the Dungeon)
   928 | D        | Learned a level 2 spell: Shroud of Golubria
   928 | D        | Identified the Guide on Floating Enhancements (You found it in the Dungeon)
   942 | D        | Got the +1 leather armour of Refuge {MR- Str-5 Int+8 Stlth+}
   960 | D        | Entered arena 8.
   960 | D        | Noticed a black mamba
   960 | D        | Noticed a brown ugly thing
   960 | D        | Noticed a green ugly thing
   960 | D        | Noticed a guardian serpent
   960 | D        | a raiju changed into a guardian serpent
   961 | D        | Found a transporter.
   965 | D        | Killed a guardian serpent
   965 | D        | Killed a black mamba
   965 | D        | Reached skill level 17 in Axes
   971 | D        | Killed a green ugly thing
   979 | D        | Killed a brown ugly thing
  1037 | D        | Entered arena 9.
  1037 | D        | Noticed a spriggan rider
  1037 | D        | Noticed a spriggan rider
  1038 | D        | Found the +8 longbow "Zephyr" {speed, Dex+3 SInv}
  1046 | D        | Reached skill level 18 in Axes
  1048 | D        | Found a transporter.
  1053 | D        | Killed a spriggan rider
  1053 | D        | Reached skill level 15 in Fighting
  1079 | D        | Learned a level 3 spell: Regeneration
  1083 | D        | Learned a level 3 spell: Spectral Weapon
  1095 | D        | Reached XP level 11. HP: 112/112 MP: 10/14
  1101 | D        | Learned a level 2 spell: Song of Slaying
  1130 | D        | Entered arena 10.
  1131 | D        | Found a transporter.
  1138 | D        | Reached XP level 12. HP: 113/119 MP: 13/15
  1175 | D        | Entered arena 11.
  1175 | D        | Noticed an entropy weaver
  1175 | D        | Noticed a yaktaur captain
  1175 | D        | Noticed a great orb of eyes
  1175 | D        | Noticed a vault guard
  1175 | D        | Noticed an ironheart preserver
  1175 | D        | Noticed a yaktaur captain
  1175 | D        | Noticed a vault guard
  1175 | D        | Noticed a vault guard
  1176 | D        | Found a transporter.
  1183 | D        | Killed an ironheart preserver
  1183 | D        | Reached skill level 19 in Axes
  1186 | D        | Killed a yaktaur captain
  1186 | D        | Reached skill level 15 in Shields
  1188 | D        | Killed an entropy weaver
  1190 | D        | Killed a great orb of eyes
  1192 | D        | Killed a yaktaur captain
  1192 | D        | Reached skill level 20 in Axes
  1195 | D        | Killed a vault guard
  1202 | D        | Killed a vault guard
  1202 | D        | Killed a vault guard
  1291 | D        | Entered arena 12.
  1291 | D        | Noticed a vampire knight
  1309 | D        | Killed a vampire knight
  1309 | D        | Reached skill level 21 in Axes
  1312 | D        | Found a transporter.
  1478 | D        | Got the ring "Acinuade" {rF+ Str+3}
  1499 | D        | Identified Gerenk's Reference Book on Ice and Feathers (You found it in the Dungeon)
  1506 | D        | Entered arena 13.
  1506 | D        | Noticed a two-headed ogre
  1507 | D        | Noticed an orc warlord
  1508 | D        | Found a transporter.
  1514 | D        | Killed a two-headed ogre
  1526 | D        | Paralysed by an orc sorcerer for 3 turns
  1538 | D        | Reached XP level 13. HP: 63/136 MP: 1/16
  1559 | D        | Killed an orc warlord
  1828 | D        | Entered arena 14.
  1830 | D        | Noticed a shadow dragon
  1832 | D        | Found a transporter.
  1848 | D        | Killed a shadow dragon
  2022 | D        | Entered arena 15.
  2022 | D        | Noticed a vampire knight
  2022 | D        | Noticed a vampire knight
  2022 | D        | Paralysed by a vampire knight for 2 turns
  2033 | D        | Noticed a vampire knight
  2056 | D        | Killed from afar by a vampire knight

Skill      XL: |  1  2  3  4  5  6  7  8  9 10 11 12 13 |
---------------+----------------------------------------+-----
Fighting       | 9 10 11 12 13 15 18 19 | 19.3
Axes           | 7 9 11 13 16 18 21 | 21.9
Armour         | 8 10 11 12 13 14 | 14.9
Shields        | 8 10 11 12 13 14 17 18 | 18.8
Evocations     | 1 2 3 |  3.5
Spellcasting   | 3 |  3.0
Stealth        | |  0.3

Action                   |  1- 3 |  4- 6 |  7- 9 | 10-12 | 13-15 || total
-------------------------+-------+-------+-------+-------+-------++-------
Melee: Broad axe         |     6 |     4 |    37 |    98 |    69 ||   214
       Headbutt          |     2 |     3 |     9 |    27 |    27 ||    68
Evoke: Wand              |       |       |     2 |       |       ||     2
       Lightning rod     |       |       |     1 |     4 |     1 ||     6
       Phantom mirror    |       |       |       |     1 |     2 ||     3
       Phial of floods   |       |       |       |       |     1 ||     1
  Use: Potion            |       |       |       |     4 |     3 ||     7
       Scroll            |       |       |       |     3 |     1 ||     4
  Eat: Chunk             |       |       |       |     2 |     1 ||     3
Armor: Crystal plate arm |     8 |     1 |    47 |    75 |    33 ||   164
Dodge: Dodged            |     2 |       |    23 |    23 |     8 ||    56
Block: Shield            |     8 |     2 |    47 |   103 |     7 ||   167
       Large shield      |       |       |       |       |    64 ||    64
